 Dungeon Crawl Stone Soup version 0.16-a0-3308-g116f5c4 (webtiles) character file.

147 PolkaDot the Caller (level 5, 0/41 HPs)
             Began as a Vampire Summoner on Dec 26, 2014.
             Killed from afar by an orc wizard (6 damage)
             ... with a magic dart
             ... on level 3 of the Dungeon.
             The game lasted 00:11:52 (3313 turns).

PolkaDot the Caller (Vampire Summoner)              Turns: 3313, Time: 00:11:52

Health: 0/41       AC:  2    Str: 12    XL:     5   Next: 7%
Magic:  4/9        EV: 12    Int: 18    God:
Gold:   124        SH:  0    Dex: 14    Spells: 3 memorised, 2 levels left

rFire  . . .     SeeInvis +     c - +0 dagger
rCold  . . .     Clarity  .     a - +0 robe
rNeg   + . .     SustAb   .     (no shield)
rPois  .         Gourm    .     (no helmet)
rElec  .         Spirit   .     (no cloak)
rCorr  .         Warding  .     (no gloves)
rMut   .         Stasis   .     (no boots)
MR     .....                    (no amulet)
Stlth  ++........               (no ring)
                                g - ring of positive energy

@: mighty, very slightly contaminated, regenerating quickly, invisible, not
resistant to hostile enchantments, unstealthy
A: bottle blood, fangs 3, see invisible, unbreathing
a: no special abilities


You were on level 3 of the Dungeon.
You were very full.

You visited 1 branch of the dungeon, and saw 3 of its levels.

You collected 124 gold pieces.

Inventory:

Hand weapons
 c - a +0 dagger (weapon)
Armour
 a - a +0 robe (worn)
 q - a +0 pair of gloves
Jewellery
 g - a ring of positive energy (left hand)
 i - an uncursed ring of flight {unknown}
Scrolls
 d - 2 scrolls of amnesia {unknown}
 e - 10 scrolls of identify {unknown}
 f - a scroll of remove curse {unknown}
 h - a scroll of immolation {unknown}
 j - a scroll of fear {unknown}
 k - 2 scrolls of noise {unknown}
 l - 2 scrolls of enchant weapon {unknown}
 m - a scroll of teleportation {unknown}
 r - a scroll of blinking {unknown}
Books
 b - a book of Callings

   Spells                             Type                      Level
   a - Summon Small Mammal            Summoning                    1
   b - Call Imp                       Summoning                    2
   c - Call Canine Familiar           Summoning                    3
   d - Summon Guardian Golem          Hexes/Summoning              4
   e - Summon Lightning Spire         Summoning/Air                4
   f - Summon Ice Beast               Ice/Summoning                4


   Skills:
 * Level 3.4 Fighting
 - Level 2.1 Dodging
 - Level 3.0 Stealth
 - Level 2.0 Spellcasting
 + Level 4.9 Summonings


You had 2 spell levels left.
You knew the following spells:

 Your Spells              Type           Power        Failure   Level  Hunger
d - Call Canine Familiar  Summ           ###.....     10%         3    ###....
s - Call Imp              Summ           ###.....     4%          2    ###....
z - Summon Small Mammal   Summ           ###.         2%          1    #......


Dungeon Overview and Level Annotations

Branches:
Dungeon (3/15)

Altars:
The Shining One


Innate Abilities, Weirdness & Mutations

Your natural rate of healing is unusually fast.
You can bottle blood from corpses.
You have razor-sharp teeth.
You have supernaturally acute eyesight.
You can survive without breathing.


Message History

You bite the orc priest!
You kill the orc priest!
You have reached level 5!
Things that are here:
a trident; a leather armour; an orc corpse You bottle the orc corpse's blood.
Items here: ! ) [ ÷ a potion of blood {@*1}; a trident; a leather armour; an orc skeleton You hit the orc wizard but do no damage.
The orc wizard points at you and mumbles some strange words.
The magic dart hits you!
* * * LOW HITPOINT WARNING * * *
Casting: Call Imp
Confirm with . or Enter, or press ? or * to list all spells.
Casting: Call Canine Familiar
Confirm with . or Enter, or press ? or * to list all spells.
You miscast Call Imp.
Your brain hurts!
The orc wizard gestures at you while chanting.
The magic dart hits you!
You die...

#.# #.# #.# #.# #.#
#.# #.# #.# #.# #.#
#.# #÷#
########.####.# #.#
##.......o.....# #.#
####...#####o######
#.# #.........##o#
#.# #.##...##@..!#
#.#
#.###.###.h##########
#.#
#..........)........#
#.#
#..##.####..#######.#
#.# #..##.# #..#
###.# #.# #..##.#
#..# #)..###.#
#..##.# #).#
#.......#
#..##.####.(#
#...#####
#......)(...# ##.%#


You could see an orc wizard and a friendly hound.

Vanquished Creatures
  An orc priest (D:3)
  2 orcs (D:3)
  2 giant cockroaches
  7 hobgoblins
  3 kobolds
  A quokka (D:3)
  6 bats
  5 giant newts
  8 goblins
  7 rats
42 creatures vanquished.

Vanquished Creatures (collateral kills)
  Sigmund (D:2)
  5 adders
  A worm (D:2)
  A bat (D:2)
  A goblin (D:1)
  2 hobgoblins (D:2)
  A giant gecko (D:2)
  A giant newt (D:1)
  3 kobolds
16 creatures vanquished.

Vanquished Creatures (others)
  A rat (D:2)
1 creature vanquished.

Grand Total: 59 creatures vanquished

Notes
Turn   | Place    | Note
--------------------------------------------------------------
     0 | D:1      | PolkaDot, the Vampire Summoner, began the quest for the Orb.
     0 | D:1      | Reached XP level 1. HP: 13/13 MP: 3/3
   469 | D:1      | Reached skill level 1 in Fighting
   491 | D:1      | Reached XP level 2. HP: 18/21 MP: 4/4
  1322 | D:1      | Learned a level 2 spell: Call Imp
  1462 | D:2      | HP: 1/22 [hobgoblin/club (6)]
  1469 | D:2      | Reached XP level 3. HP: 20/27 MP: 6/6
  2194 | D:2      | Found a glowing golden altar of the Shining One.
  2405 | D:2      | Learned a level 3 spell: Call Canine Familiar
  2528 | D:2      | Noticed Sigmund
  2541 | D:2      | Killed Sigmund
  2541 | D:2      | Reached XP level 4. HP: 32/34 MP: 0/7
  3305 | D:3      | Reached XP level 5. HP: 7/41 MP: 9/9
  3313 | D:3      | Killed from afar by an orc wizard

Action                   |  1- 3 |  4- 6 || total
-------------------------+-------+-------++-------
Melee: Dagger            |   173 |    40 ||   213
       Unarmed           |     6 |       ||     6
 Cast: Summon Small Mamm |    10 |       ||    10
       Call Imp          |    16 |     6 ||    22
       Call Canine Famil |     1 |     1 ||     2
 Abil: End Transformatio |       |     1 ||     1
       Bat Form          |       |     1 ||     1
  Use: Potion            |    11 |     9 ||    20
 Stab: Sleeping          |     3 |     3 ||     6
       Invisible         |       |     1 ||     1
  Eat: Corpse            |    10 |       ||    10
